PBL
TIJUANA TOROS @ AMERICUS BRAVES
08/13/2049
 
TOP OF THE 1ST
Tijuana Toros batting - Pitching for Americus Braves : LHP Jose Reyes
Pitching: LHP Jose Reyes
Batting: RHB Alex Diaz 0-0: Ball
1-0: Swinging Strike
1-1: Ball
2-1: Foul Ball, location: 2F
2-2: Foul Ball, location: 2F
2-2: Strikes out swinging
Batting: RHB Guo Kwok 0-0: Called Strike
0-1: Swinging Strike
0-2: Foul Ball, location: 2F
0-2: Ball
1-2: Ball
2-2: SINGLE (Popup, 5D, EV 61.9 MPH)
Batting: RHB Guillermo Puente 0-0: Foul Ball, location: 2F
0-1: Ball
1-1: Reached on error, E3 (Groundball, 3S, EV 87.5 MPH)
Guo Kwok to second
Batting: LHB Jose Diaz 0-0: Fly out, F8 (Line Drive, 8LD, EV 88.1 MPH)
Batting: RHB Jaylen North 0-0: Ball
1-0: Called Strike
1-1: Ball
2-1: Ball
3-1: Base on Balls
Guo Kwok to third
Guillermo Puente to second
Batting: RHB Djoka Subasic 0-0: Ball
1-0: Ball
2-0: Foul Ball, location: 2F
2-1: Foul Ball, location: 2F
2-2: Ball
3-2: Ground out 2-3 (Groundball, 2R, EV 72.5 MPH)
Top of the 1st over - 0 runs, 1 hit, 1 error, 3 left on base; Tijuana 0 - Americus 0
BOTTOM OF THE 1ST
Americus Braves batting - Pitching for Tijuana Toros : RHP David Goyen
Pitching: RHP David Goyen
Batting: RHB Ryan Cole 0-0: Called Strike
0-1: Foul Ball, location: 2F
0-2: Foul Ball, location: 2F
0-2: Ball
1-2: Ground out 6-3 (Groundball, 6, EV 86.2 MPH)
Batting: SHB Chris Morrison 0-0: Ball
1-0: Ground out U3 (Groundball, 34S, EV 80.6 MPH)
Batting: SHB Vladimir Guerrero III 0-0: SINGLE (Line Drive, 89S, EV 87.5 MPH)
Batting: RHB Wilson Salgado 0-0: Ball
1-0: Ground out 1-3 (Groundball, 13S, EV 71.2 MPH)
Bottom of the 1st over - 0 runs, 1 hit, 0 errors, 1 left on base; Tijuana 0 - Americus 0
TOP OF THE 2ND
Tijuana Toros batting - Pitching for Americus Braves : LHP Jose Reyes
Batting: SHB Luis Diaz 0-0: Ball
1-0: Called Strike
1-1: DOUBLE (Flyball, 8LD, EV 109.4 MPH)
Batting: RHB Tony Vasquez 0-0: Ball
1-0: Foul Ball, location: 2F
1-1: 2-RUN HOME RUN (Flyball, 7D, EV 98.1 MPH), Distance : 383 ft
Batting: LHB Gerardo Arriaga 0-0: Ball
1-0: Ground out 5-3 (Groundball, 56, EV 79.4 MPH)
Batting: RHB Alex Diaz 0-0: Ball
1-0: Swinging Strike
1-1: Ball
2-1: Ground out 4-3 (Groundball, 4, EV 100.0 MPH)
Batting: RHB Guo Kwok 0-0: Called Strike
0-1: Swinging Strike
0-2: Ball
1-2: Strikes out swinging
Top of the 2nd over - 2 runs, 2 hits, 0 errors, 0 left on base; Tijuana 2 - Americus 0
BOTTOM OF THE 2ND
Americus Braves batting - Pitching for Tijuana Toros : RHP David Goyen
Batting: RHB Josh Maxwell 0-0: SOLO HOME RUN (Flyball, 7D, EV 103.8 MPH), Distance : 399 ft
Batting: RHB Scott Hansen 0-0: Ground out 6-3 (Groundball, 6, EV 88.1 MPH)
Batting: LHB Garret Mathis 0-0: SINGLE (Line Drive, 34D, EV 108.8 MPH)
Batting: RHB Chris Foss 0-0: DOUBLE (Line Drive, 7LM, EV 97.5 MPH)
Garret Mathis to third
Batting: RHB Danny Harris 0-0: Called Strike
0-1: Ball
1-1: Called Strike
1-2: Strikes out swinging
Batting: RHB Ryan Cole 0-0: Ball
1-0: Foul Ball, location: 2F
1-1: SINGLE (Line Drive, 78S, EV 88.1 MPH)
Garret Mathis scores
Chris Foss to third
Runner from 3rd tries for Home, SAFE, throw by LF to home
Batting: SHB Chris Morrison 0-0: Ball
1-0: Called Strike
Ryan Cole is caught stealing 2nd base 2-6
Bottom of the 2nd over - 3 runs, 4 hits, 0 errors, 0 left on base; Tijuana 2 - Americus 3
TOP OF THE 3RD
Tijuana Toros batting - Pitching for Americus Braves : LHP Jose Reyes
Batting: RHB Guillermo Puente 0-0: Ball
1-0: Called Strike
1-1: Foul Ball, location: 2F
1-2: Ball
2-2: Strikes out swinging
Batting: LHB Jose Diaz 0-0: Foul Ball, location: 2F
0-1: Fly out, F7 (Flyball, 7, EV 86.2 MPH)
Batting: RHB Jaylen North 0-0: Foul Ball, location: 2F
0-1: Ball
1-1: Foul Ball, location: 2F
1-2: Foul Ball, location: 2F
1-2: Foul Ball, location: 2F
1-2: Foul Ball, location: 2F
1-2: Foul Ball, location: 2F
1-2: Foul Ball, location: 2F
1-2: Foul Ball, location: 2F
1-2: Foul Ball, location: 2F
1-2: SINGLE (Groundball, 34D, EV 102.5 MPH)
Batting: RHB Djoka Subasic 0-0: Swinging Strike
0-1: Ball
1-1: Ball
2-1: Fly out, F7 (Flyball, 8LM, EV 88.1 MPH)
Top of the 3rd over - 0 runs, 1 hit, 0 errors, 1 left on base; Tijuana 2 - Americus 3
BOTTOM OF THE 3RD
Americus Braves batting - Pitching for Tijuana Toros : RHP David Goyen
Batting: SHB Chris Morrison 0-0: Ball
1-0: Ball
2-0: Ball
3-0: Called Strike
3-1: Foul Ball, location: 2F
3-2: Strikes out swinging
Batting: SHB Vladimir Guerrero III 0-0: Ball
1-0: Ball
2-0: Ball
3-0: Called Strike
3-1: SOLO HOME RUN (Flyball, 78XD, EV 115.0 MPH), Distance : 436 ft
Batting: RHB Wilson Salgado 0-0: Swinging Strike
0-1: Foul Ball, location: 2F
0-2: Ball
1-2: Fly out, F7 (Flyball, 7LM, EV 98.1 MPH)
Batting: RHB Josh Maxwell 0-0: Called Strike
0-1: Ball
1-1: Fly out, F7 (Flyball, 7, EV 85.6 MPH)
Bottom of the 3rd over - 1 run, 1 hit, 0 errors, 0 left on base; Tijuana 2 - Americus 4
TOP OF THE 4TH
Tijuana Toros batting - Pitching for Americus Braves : LHP Jose Reyes
Batting: SHB Luis Diaz 0-0: Ball
1-0: Foul Ball, location: 2F
1-1: Ball
2-1: Swinging Strike
2-2: Ball
3-2: Base on Balls
Batting: RHB Tony Vasquez 0-0: Ball
1-0: Swinging Strike
1-1: Ball
2-1: Ball
3-1: Fly out, F3 (Line Drive, 3L, EV 66.9 MPH)
Batting: LHB Gerardo Arriaga 0-0: Fly out, F4 (Flyball, 34D, EV 87.5 MPH)
Batting: RHB Alex Diaz 0-0: Ball
1-0: Ball
2-0: Called Strike
2-1: Called Strike
2-2: Foul Ball, location: 2F
2-2: Strikes out swinging, 2-3 out at first.
Top of the 4th over - 0 runs, 0 hits, 0 errors, 1 left on base; Tijuana 2 - Americus 4
BOTTOM OF THE 4TH
Americus Braves batting - Pitching for Tijuana Toros : RHP David Goyen
Batting: RHB Scott Hansen 0-0: Hit by Pitch
Batting: LHB Garret Mathis 0-0: Called Strike
Scott Hansen steals 2nd base
0-1: Ball
1-1: Ball
2-1: Foul Ball, location: 2F
2-2: Ball
3-2: Reached on error, E3 (Groundball, 3, EV 88.8 MPH)
Scott Hansen to third
Batting: RHB Chris Foss 0-0: Fly out, F7 (Flyball, 7, EV 80.0 MPH)
Runner from 3rd tags up, SCORES, throw by LF
Batting: RHB Danny Harris 0-0: Called Strike
0-1: Called Strike
0-2: SINGLE (Line Drive, 7S, EV 111.2 MPH)
Garret Mathis to second
Batting: RHB Ryan Cole 0-0: Foul Ball, location: 2F
0-1: Fielders Choice at 2nd, 3-6 (Groundball, 3, EV 83.8 MPH)
Garret Mathis to third
Batting: SHB Chris Morrison 0-0: Ball
1-0: Fielders Choice at 2nd, 6-4 (Groundball, 6, EV 78.8 MPH)
Bottom of the 4th over - 1 run, 1 hit, 1 error, 2 left on base; Tijuana 2 - Americus 5
TOP OF THE 5TH
Tijuana Toros batting - Pitching for Americus Braves : LHP Jose Reyes
Batting: RHB Guo Kwok 0-0: Called Strike
0-1: Ball
1-1: Foul Ball, location: 2F
1-2: Strikes out swinging
Batting: RHB Guillermo Puente 0-0: Ball
1-0: Ball
2-0: Ball
3-0: Base on Balls
Batting: LHB Jose Diaz 0-0: Foul Ball, location: 2F
0-1: Ball
1-1: Ball
2-1: Foul Ball, location: 2F
2-2: Foul Ball, location: 2F
2-2: Strikes out swinging
Batting: RHB Jaylen North 0-0: Foul Ball, location: 2F
0-1: Foul Ball, location: 2F
0-2: Foul Ball, location: 2F
0-2: Ball
1-2: Ball
2-2: Ball
3-2: DOUBLE (Line Drive, 8LXD, EV 100.0 MPH)
Guillermo Puente to third
Guillermo Puente scores
Batting: RHB Djoka Subasic 0-0: Ball
1-0: Ball
2-0: Ball
3-0: Base on Balls
Pitching: RHP Norm Wamboldt
Batting: SHB Luis Diaz 0-0: Called Strike
0-1: Swinging Strike
0-2: Strikes out swinging
Top of the 5th over - 1 run, 1 hit, 0 errors, 2 left on base; Tijuana 3 - Americus 5
BOTTOM OF THE 5TH
Americus Braves batting - Pitching for Tijuana Toros : RHP David Goyen
Batting: SHB Vladimir Guerrero III 0-0: Foul Ball, location: 2F
0-1: Foul Ball, location: 2F
0-2: Foul Ball, location: 2F
0-2: Strikes out swinging
Batting: RHB Wilson Salgado 0-0: Ball
1-0: Ball
2-0: SINGLE (Groundball, 56S, EV 69.4 MPH) (infield hit)
Batting: RHB Josh Maxwell 0-0: Ball
Wild Pitch!
Wilson Salgado to second
1-0: Swinging Strike
1-1: Ball
2-1: Fly out, F8 (Flyball, 8RM, EV 97.5 MPH)
Batting: RHB Scott Hansen 0-0: Swinging Strike
0-1: Ball
1-1: Called Strike
1-2: Ground out 4-3 (Groundball, 4, EV 85.6 MPH)
Bottom of the 5th over - 0 runs, 1 hit, 0 errors, 1 left on base; Tijuana 3 - Americus 5
TOP OF THE 6TH
Tijuana Toros batting - Pitching for Americus Braves : RHP Norm Wamboldt
Batting: RHB Tony Vasquez 0-0: Ball
1-0: Foul Ball, location: 2F
1-1: Foul Ball, location: 2F
1-2: Ball
2-2: Fly out, F3 (Line Drive, 3L, EV 70.0 MPH)
Batting: LHB Gerardo Arriaga 0-0: Ground out 5-3 (Groundball, 5, EV 76.9 MPH)
Batting: RHB Alex Diaz 0-0: Called Strike
0-1: Foul Ball, location: 2F
0-2: Ball
1-2: Foul Ball, location: 2F
1-2: Foul Ball, location: 2F
1-2: Strikes out swinging
Top of the 6th over - 0 runs, 0 hits, 0 errors, 0 left on base; Tijuana 3 - Americus 5
BOTTOM OF THE 6TH
Americus Braves batting - Pitching for Tijuana Toros : RHP David Goyen
Batting: LHB Garret Mathis 0-0: Called Strike
0-1: Foul Ball, location: 2F
0-2: Ball
1-2: SINGLE (Groundball, 56D, EV 104.4 MPH)
Batting: RHB Chris Foss 0-0: Fly out, F9 (Flyball, 89M, EV 74.4 MPH)
Batting: RHB Danny Harris 0-0: Ball
1-0: Swinging Strike
1-1: Foul Ball, location: 2F
1-2: Foul Ball, location: 2F
1-2: Ball
2-2: Ball
3-2: Foul Ball, location: 2F
3-2: Foul Ball, location: 2F
3-2: Strikes out swinging
Batting: RHB Ryan Cole 0-0: Ball
1-0: Called Strike
1-1: Ground out 6-3 (Groundball, P, EV 82.5 MPH)
Bottom of the 6th over - 0 runs, 1 hit, 0 errors, 1 left on base; Tijuana 3 - Americus 5
TOP OF THE 7TH
Tijuana Toros batting - Pitching for Americus Braves : RHP Norm Wamboldt
Batting: RHB Guo Kwok 0-0: Ball
1-0: Foul Ball, location: 2F
1-1: SINGLE (Line Drive, 78S, EV 93.1 MPH)
Batting: RHB Guillermo Puente 0-0: Called Strike
0-1: SINGLE (Line Drive, 6MD, EV 98.1 MPH)
Guo Kwok to second
Batting: LHB Jose Diaz 0-0: Ball
1-0: Ball
2-0: Foul Ball, location: 2F
2-1: Grounds out, U3 (Groundball, 3L, EV 88.8 MPH)
Guo Kwok to third
Batting: RHB Jaylen North 0-0: Called Strike
0-1: Ball
1-1: Ball
2-1: Ground out 4-3 (Groundball, 4D, EV 83.8 MPH)
Guo Kwok scores
Guillermo Puente to third
Batting: RHB Djoka Subasic 0-0: Hit by Pitch
Batting: SHB Luis Diaz 0-0: Ball
1-0: Foul Ball, location: 2F
1-1: Called Strike
1-2: Strikes out looking
Top of the 7th over - 1 run, 2 hits, 0 errors, 2 left on base; Tijuana 4 - Americus 5
BOTTOM OF THE 7TH
Americus Braves batting - Pitching for Tijuana Toros : RHP David Goyen
Pitching: RHP Karl Sullivan
Batting: SHB Chris Morrison 0-0: Fly out, F8 (Flyball, 8LM, EV 81.9 MPH)
Batting: SHB Vladimir Guerrero III 0-0: Fly out, F7 (Flyball, 78S, EV 75.6 MPH)
Batting: RHB Wilson Salgado 0-0: Ball
1-0: Swinging Strike
1-1: Fly out, F7 (Flyball, 7LM, EV 91.2 MPH)
Bottom of the 7th over - 0 runs, 0 hits, 0 errors, 0 left on base; Tijuana 4 - Americus 5
TOP OF THE 8TH
Tijuana Toros batting - Pitching for Americus Braves : RHP Norm Wamboldt
Pitching: RHP Justus Gonzales
Batting: RHB Tony Vasquez 0-0: Foul Ball, location: 2F
0-1: Swinging Strike
0-2: Strikes out swinging
Pinch Hitting: RHB Jerry Afghani 0-0: Called Strike
0-1: Fly out, F8 (Flyball, 8RD, EV 94.4 MPH)
Batting: RHB Alex Diaz 0-0: Called Strike
0-1: Fly out, F7 (Line Drive, 7, EV 89.4 MPH)
Top of the 8th over - 0 runs, 0 hits, 0 errors, 0 left on base; Tijuana 4 - Americus 5
BOTTOM OF THE 8TH
Americus Braves batting - Pitching for Tijuana Toros : RHP Karl Sullivan
Now in LF: Jerry Afghani
Now in RF: Luis Diaz
Batting: RHB Josh Maxwell 0-0: Ball
1-0: Foul Ball, location: 2F
1-1: Ball
2-1: Ball
3-1: Reached on error, E9 (Line Drive, 89M, EV 85.0 MPH)
Batting: RHB Scott Hansen 0-0: Ball
1-0: Swinging Strike
1-1: Swinging Strike
1-2: Ball
2-2: Strikes out looking
Batting: LHB Garret Mathis 0-0: Swinging Strike
0-1: Swinging Strike
0-2: Ball
1-2: Strikes out swinging
Batting: RHB Chris Foss 0-0: Swinging Strike
0-1: Ball
1-1: Foul Ball, location: 2F
1-2: Foul Ball, location: 2F
1-2: Fielders Choice at 2nd, 6-4 (Groundball, 6, EV 79.4 MPH)
Bottom of the 8th over - 0 runs, 0 hits, 1 error, 1 left on base; Tijuana 4 - Americus 5
TOP OF THE 9TH
Tijuana Toros batting - Pitching for Americus Braves : RHP Justus Gonzales
Batting: RHB Guo Kwok 0-0: Swinging Strike
0-1: Ball
1-1: Foul Ball, location: 2F
1-2: Foul Ball, location: 2F
1-2: Ground out 6-3 (Groundball, 56, EV 87.5 MPH)
Batting: RHB Guillermo Puente 0-0: Ball
1-0: Ball
2-0: Foul Ball, location: 2F
2-1: Ball
3-1: Called Strike
3-2: Foul Ball, location: 2F
3-2: SINGLE (Groundball, 56S, EV 70.0 MPH) (infield hit)
Batting: LHB Jose Diaz 0-0: Called Strike
0-1: Ball
1-1: Foul Ball, location: 2F
1-2: Ball
2-2: Foul Ball, location: 2F
2-2: Ball
3-2: Fly out, F8 (Flyball, 8RM, EV 86.9 MPH)
Batting: RHB Jaylen North 0-0: Called Strike
0-1: Swinging Strike
0-2: Ball
1-2: Ball
2-2: Foul Ball, location: 2F
2-2: Foul Ball, location: 2F
2-2: Ball
3-2: Foul Ball, location: 2F
3-2: Base on Balls
Guillermo Puente to second
Pitching: RHP John Collins
Batting: RHB Djoka Subasic 0-0: Ball
1-0: SINGLE (Popup, 34, EV 70.0 MPH)
Guillermo Puente to third
Jaylen North to second
Runner from 3rd tries for Home, throw by 1B and OUT! 3-2
Top of the 9th over - 0 runs, 2 hits, 0 errors, 2 left on base; Tijuana 4 - Americus 5
Sunday, July 16th , 2023 - OOTP Baseball 24.6 Build 69